[Event "Team 45 45 League T84"]
[Site "Internet Chess Club"]
[Date "2020.04.20"]
[Round "3"]
[White "WzeroMN"]
[Black "kingsrook"]
[Result "1-0"]
[WhiteElo "1064"]
[BlackElo "1209"]
[Opening "Sicilian defense"]
[ECO "B40"]
[Time "17:01:08"]
[TimeControl "2700+45"]

1. e4 c5 2. Nf3 e6 3. Be2 a6 4. c4 Nc6 5. O-O Qc7 6. d3 Nf6 7. h3 Be7 8. Nc3 O-O
9. Be3 d6 10. Qd2 Rd8 11. b3 e5 12. Bg5 Nd4 13. Bxf6 Nxe2+ 14. Qxe2 Bxf6 15. Nd5
Qd7 16. Nxf6+ gxf6 17. Qd2 Kh8 18. Qh6 Qe6 19. Nh4 Rg8 20. g3 Qxh3 21. Ng6+ fxg6
22. Qxh3 Bxh3 23. Rfe1 Bg4 24. Re3 h5 25. f3 Be6 26. Kf2 f5 27. Rh1 f4 28. Ree1
Kg7 29. gxf4 exf4 30. Rh4 Rgf8 31. a3 a5 32. a4 b6 33. Rb1 Rad8 34. Rh2 Rh8 35.
Rbh1 Rdf8 36. Rh4 Rf6 37. R1h2 Bd7 38. Rh1 Kf7 39. R1h2 Ke7 40. Rh1 Kd8 41. R1h2
Bc6 42. Rh1 Rg8 43. R1h2 Rf7 44. Rh1 Rh7 45. R1h2 Rf8 46. Rh1 Bb7 47. R1h2 Ba6
48. Rh1 Bb7 49. R1h2 d5 50. Rh1 dxe4 51. dxe4 Rd7 52. Re1 Rd2+ 53. Re2 Rd3 54.
Rh1 Rxb3 55. Rd1+ Kc7 56. Red2 Bc8 57. Rd6 Rg8 58. Rf6 g5 59. Rfd6 h4 60. Rh6
Rb4 61. Rh7+ Kb8 62. Rd6 Rb2+ 63. Ke1 Rh2 64. Rxb6+ Ka8 65. Rc7 h3 66. Rxc5 Rc2
67. Rxa5+ {Black resigns} 1-0

[Event "Team 45 45 League T84"]
[Site "Internet Chess Club"]
[Date "2020.04.19"]
[Round "3"]
[White "clarinetref"]
[Black "Hectormercado"]
[Result "1/2-1/2"]
[WhiteElo "1454"]
[BlackElo "1483"]
[Opening "English: Caro-Kann defensive system"]
[ECO "A12"]
[Time "20:03:46"]
[TimeControl "2700+45"]

1. Nf3 d5 2. c4 c6 3. b3 Nf6 4. g3 e6 5. Bg2 Nbd7 6. Bb2 Be7 7. O-O a6 8. cxd5
cxd5 9. d3 O-O 10. Nbd2 b5 11. a3 Bb7 12. Rc1 Bd6 13. d4 Qe7 14. b4 e5 15. dxe5
Nxe5 16. Nd4 Nc4 17. Rc2 Nxb2 18. Rxb2 Ne4 19. Nf5 Qe5 20. Nxd6 Qxb2 21. N2xe4
dxe4 22. Nxb7 Qxa3 23. Qd4 e3 24. fxe3 Rae8 25. e4 Re7 26. Ra1 Qb3 27. Nc5 Qc2
28. Qd3 Qb2 29. Rb1 Qf6 30. Nd7 Rxd7 31. Qxd7 Rd8 32. Qf5 Qd4+ 33. Qf2 Qd2 34.
Rf1 f6 35. e5 Qxb4 36. exf6 gxf6 37. Qxf6 Qd4+ 38. Qxd4 Rxd4 39. Ra1 Rd6 40. e4
Rb6 41. e5 b4 42. Bd5+ Kf8 43. Bc4 b3 44. Rb1 b2 45. e6 a5 46. Kf2 a4 47. Ke3 a3
48. Kd4 Rb4 {Game drawn by mutual agreement} 1/2-1/2

[Event "Team 45 45 League T84"]
[Site "Internet Chess Club"]
[Date "2020.04.18"]
[Round "3"]
[White "MartyJR"]
[Black "sdcohle"]
[Result "1-0"]
[WhiteElo "1429"]
[BlackElo "1344"]
[Opening "Queen's pawn: London system"]
[ECO "A45"]
[Time "14:34:08"]
[TimeControl "2700+45"]

1. d4 Nf6 2. Bf4 g6 3. e3 d6 4. Nf3 Bg7 5. Be2 O-O 6. h3 Nbd7 7. c3 Re8 8. O-O
e5 9. dxe5 dxe5 10. Bh2 b6 11. Nxe5 Bb7 12. Nf3 c5 13. Nbd2 Qc8 14. Nc4 Bf8 15.
Qc2 Ne4 16. Rfd1 Ndf6 17. Ncd2 Bd6 18. Bxd6 Nxd6 19. Nc4 Nxc4 20. Bxc4 Bxf3 21.
gxf3 Qxh3 22. Qe2 Re5 23. f4 Rh5 24. f3 Qg3+ 25. Qg2 Qxg2+ 26. Kxg2 g5 27. fxg5
Rxg5+ 28. Kf2 Rc8 29. Rg1 Rxg1 30. Rxg1+ Kf8 31. Ke2 Rd8 32. Rg5 Re8 33. Rf5 Kg7
34. Rg5+ Kf8 35. Rg1 Rd8 36. Rg5 Re8 37. a4 a5 38. b4 axb4 39. cxb4 cxb4 40. Rb5
Ra8 41. Rxb4 Nd7 42. Bb5 Nc5 43. Rh4 Kg7 44. Rg4+ Kf8 45. Rb4 Na6 46. Rc4 Nc5
47. Bc6 Rc8 48. Bb5 Ra8 49. Rf4 Ra7 50. Rg4 Nd7 51. Rd4 Nc5 52. Kd2 Nb3+ 53. Kd3
Nxd4 54. exd4 Ke7 55. Ke4 Kf6 56. Kf4 Re7 57. d5 Re1 58. d6 Rd1 59. d7 Rd6 60.
Kg4 Kg6 61. f4 Kf6 62. Kf3 Ke7 63. Kg4 Rxd7 64. Bxd7 Kxd7 65. Kg5 Ke7 66. Kh6
Ke6 67. Kxh7 f6 68. Kg6 f5 69. Kg5 Kd5 70. Kxf5 Kc5 71. Kg6 Kb4 72. f5 Kxa4 73.
f6 b5 74. f7 b4 75. f8=Q b3 76. Qa8+ Kb4 77. Qb7+ Kc3 78. Qc6+ Kb2 79. Kf5 Ka2
80. Qa4+ Kb2 81. Ke4 Kc2 82. Kd4 Kb2 83. Kc4 Kc2 84. Qxb3+ {Black resigns} 1-0

[Event "Team 45 45 League T84"]
[Site "Internet Chess Club"]
[Date "2020.04.16"]
[Round "3"]
[White "gregorgg"]
[Black "Balderdash"]
[Result "1-0"]
[WhiteElo "1271"]
[BlackElo "1230"]
[Opening "Queen's pawn, Mason variation"]
[ECO "D00"]
[Time "15:30:35"]
[TimeControl "2700+45"]

1. d4 d5 2. Bf4 Nc6 3. Nf3 Nf6 4. e3 a6 5. c3 Bf5 6. Bd3 Ne4 7. h3 h6 8. Ne5
Nxe5 9. Bxe5 f6 10. Bh2 e6 11. O-O Bd6 12. Bxd6 Qxd6 13. f3 Ng3 14. Bxf5 Nxf1
15. Bg6+ Ke7 16. Qxf1 Qb6 17. Qe2 f5 18. Bh5 Kf6 19. f4 g6 20. Bf3 c5 21. dxc5
Qxc5 22. Nd2 Qb5 23. Qxb5 axb5 24. Be2 g5 25. fxg5+ hxg5 26. Bxb5 Rh4 27. c4
dxc4 28. Bxc4 Rd8 29. g3 Rxh3 30. Kg2 Rhh8 31. Nb3 Rb8 32. a4 Rbc8 33. Rc1 g4
34. Nd2 Rc7 35. b3 Rd8 36. Rc2 Rcd7 37. Nf1 Rc7 38. Ra2 Rd1 39. Kf2 Rcd7 40. a5
R1d6 41. a6 bxa6 42. Rxa6 Rxa6 43. Bxa6 Ra7 44. Bc4 Ra2+ 45. Ke1 e5 46. Nd2 Ra1+
47. Kf2 Ra2 48. Ke2 Ra8 49. b4 Rh8 50. Nf1 e4 51. Kd2 Rd8+ 52. Kc2 Rc8 53. Kc3
Ke5 54. b5 Rd8 55. Be2 Rc8+ 56. Kb3 Rc1 57. Kb4 Rb1+ 58. Kc5 Rb2 59. Bc4 Rb1 60.
b6 Ra1 61. Bb5 Rc1+ 62. Bc4 Rc3 63. b7 Ra3 64. b8=Q+ Kf6 65. Qd6+ Kg7 66. Qe5+
Kh6 67. Qf6+ Kh7 68. Qxf5+ Kg7 69. Qxg4+ Kh6 70. Qf4+ Kg7 71. Qf7+ Kh6 72. Qf6+
Kh7 73. Qh4+ Kg7 74. Qxe4 Ra5+ 75. Kd4 Ra4 76. Qe7+ Kh6 77. Qe6+ Kg5 78. e4 Kh5
79. Qe8+ Kg4 80. Qxa4 Kf3 81. Qd1+ Kg2 82. Qe2+ Kh3 83. Be6# {Black checkmated}
1-0

[Event "Team 45 45 League T84"]
[Site "Internet Chess Club"]
[Date "2020.04.17"]
[Round "3"]
[White "Packerfan"]
[Black "Demachaeron"]
[Result "1-0"]
[WhiteElo "1767"]
[BlackElo "1748"]
[Opening "English: Carls' Bremen system"]
[ECO "A22"]
[Time "14:31:34"]
[TimeControl "2700+45"]

1. c4 e5 2. Nc3 Nf6 3. g3 d6 4. Bg2 Be7 5. d3 O-O 6. e4 Be6 7. Nge2 Qd7 8. O-O
Bh3 9. Nd5 Nxd5 10. cxd5 Bxg2 11. Kxg2 c6 12. Nc3 Na6 13. Be3 Nc7 14. dxc6 bxc6
15. Rc1 f5 16. f3 f4 17. gxf4 exf4 18. Bf2 Rf6 19. Kh1 Rh6 20. Rg1 Rb8 21. b3
Qh3 22. Rg2 Ne6 23. Bxa7 Rb7 24. Bg1 Ng5 25. Ne2 Qxf3 26. Rxc6 Nf7 27. Qc1 g5
28. Rc8+ Kg7 29. Nxf4 Ne5 30. Bd4 Kf6 31. Nd5+ Ke6 32. Bxe5 Kxe5 33. Nxe7 Rxe7
34. Qxg5+ Ke6 35. Qxh6+ Kd7 36. Rc1 Qxd3 37. Qf8 Ke6 38. Qf5# {Black checkmated}
1-0

[Event "Team 45 45 League T84"]
[Site "Internet Chess Club"]
[Date "2020.04.19"]
[Round "3"]
[White "ascoli"]
[Black "Electryon"]
[Result "1-0"]
[WhiteElo "1571"]
[BlackElo "1466"]
[Opening "QGD semi-Slav: Meran variation"]
[ECO "D47"]
[Time "13:00:31"]
[TimeControl "2700+45"]

1. d4 d5 2. c4 c6 3. Nc3 Nf6 4. e3 e6 5. Nf3 Nbd7 6. Bd3 dxc4 7. Bxc4 b5 8. Bd3
Bd6 9. e4 e5 10. O-O O-O 11. Qc2 Bb7 12. d5 a6 13. Be3 cxd5 14. exd5 Nxd5 15.
Nxd5 Rc8 16. Bxh7+ Kh8 17. Qd3 Nc5 18. Bxc5 Bxc5 19. Be4 Bd4 20. Nxd4 Bxd5 21.
Qh3+ {Black resigns} 1-0

[Event "Team 45 45 League T84"]
[Site "Internet Chess Club"]
[Date "2020.04.15"]
[Round "3"]
[White "sdcohle"]
[Black "KidRattler"]
[Result "0-1"]
[WhiteElo "1357"]
[BlackElo "1661"]
[Opening "Ruy Lopez: Cozio defense"]
[ECO "C60"]
[Time "17:01:58"]
[TimeControl "2700+45"]

1. e4 e5 2. Nf3 Nc6 3. Bb5 Nge7 4. O-O a6 5. Ba4 g6 6. c3 Bg7 7. Re1 O-O 8. d4
exd4 9. cxd4 d6 10. Nc3 Bg4 11. d5 Ne5 12. Bc2 Re8 13. Bf4 Nxf3+ 14. gxf3 Bh3
15. Bd3 Nc8 16. Bf1 Bxf1 17. Rxf1 Be5 18. Bg3 Qf6 19. Qd2 Nb6 20. f4 Bxc3 21.
bxc3 Rxe4 22. f3 Rc4 23. Rac1 Qf5 24. Rfe1 Qxd5 25. Qe2 Qf5 26. Bf2 Rxf4 27. Bd4
Rf8 28. Rf1 Nd7 29. Qg2 Ne5 30. Bxe5 Qxe5 31. Rfe1 Qh5 32. Re3 Qc5 33. Re1 Re8
34. Qf2 Rxe3 35. Rxe3 Qg5+ 36. Kh1 Kg7 37. Qe2 Rf5 38. Qf2 Rf6 39. Re4 Qc1+ 40.
Kg2 Qxc3 41. Re3 Qc5 42. Qe2 Qg5+ 43. Kh1 Qb5 44. Qf2 c5 45. Rb3 Qc6 46. Qb2 b5
47. Qf2 c4 48. Re3 d5 49. Kg2 d4 50. Re4 Qxe4 51. fxe4 Rxf2+ {White resigns} 0-1

[Event "Team 45 45 League T84"]
[Site "Internet Chess Club"]
[Date "2020.04.20"]
[Round "3"]
[White "Visin"]
[Black "PsyMar"]
[Result "1-0"]
[WhiteElo "1159"]
[BlackElo "1238"]
[Opening "Ruy Lopez: four knights (Tarrasch) variation"]
[ECO "C77"]
[Time "09:01:06"]
[TimeControl "2700+45"]

1. e4 e5 2. Nf3 Nc6 3. Bb5 a6 4. Ba4 Nf6 5. Nc3 Bc5 6. d3 O-O 7. O-O h6 8. Bxc6
dxc6 9. Nxe5 Re8 10. Nf3 Bg4 11. h3 Bxf3 12. Qxf3 Qd4 13. Be3 Qe5 14. Bxc5 Qxc5
15. Rfe1 Rad8 16. Rad1 Qa5 17. a3 c5 18. e5 Nd7 19. Qxb7 Nxe5 20. Qb3 Rd4 21.
Re4 Rxe4 22. Nxe4 c4 23. Qc3 {Black resigns} 1-0

[Event "Team 45 45 League T84"]
[Site "Internet Chess Club"]
[Date "2020.04.19"]
[Round "3"]
[White "MathBandit"]
[Black "Portola"]
[Result "1-0"]
[WhiteElo "1698"]
[BlackElo "1691"]
[Opening "French: exchange variation"]
[ECO "C01"]
[Time "18:00:19"]
[TimeControl "2700+45"]

1. e4 e6 2. d4 d5 3. exd5 exd5 4. c4 c6 5. Nc3 Nf6 6. Nf3 Be7 7. Bd3 O-O 8. O-O
Bg4 9. h3 Bh5 10. Bf4 dxc4 11. Bxc4 Nd5 12. Bxd5 cxd5 13. g4 Bg6 14. Qb3 Be4 15.
Nxe4 dxe4 16. Ne5 Nd7 17. Qxb7 Nxe5 18. Bxe5 f6 19. Bf4 Re8 20. Qxe4 Bc5 21. Qd3
Bxd4 22. Rfd1 Bxb2 23. Qb3+ {Black resigns} 1-0

[Event "Team 45 45 League T84"]
[Site "Internet Chess Club"]
[Date "2020.04.16"]
[Round "3"]
[White "Mitochondria"]
[Black "JeffH"]
[Result "1/2-1/2"]
[WhiteElo "1581"]
[BlackElo "1693"]
[Opening "Modern defense"]
[ECO "A40"]
[Time "19:32:29"]
[TimeControl "2700+45"]

1. d4 g6 2. c4 Bg7 3. Nf3 d6 4. e3 Nf6 5. Be2 O-O 6. Nc3 c5 7. O-O cxd4 8. Nxd4
d5 9. Qc2 e5 10. Nf3 d4 11. Rd1 Bf5 12. e4 Bd7 13. Nd5 Nxd5 14. cxd5 Qb6 15. b3
Na6 16. Bg5 Rac8 17. Qd2 Nb4 18. Rdc1 f6 19. Bh6 Bxh6 20. Qxh6 Rxc1+ 21. Qxc1 d3
22. Bf1 Rc8 23. Qd1 Rc2 24. Nd2 Qd4 25. Rc1 Qb2 26. Qf3 Rxc1 27. Qxf6 Qxd2 28.
Qd8+ Kf7 29. Qxd7+ Kf6 30. Qd8+ Kg7 {Game drawn by mutual agreement} 1/2-1/2

[Event "Team 45 45 League T84"]
[Site "Internet Chess Club"]
[Date "2020.04.16"]
[Round "3"]
[White "Chess4Him"]
[Black "sburreus09"]
[Result "0-1"]
[WhiteElo "1444"]
[BlackElo "1554"]
[Opening "Queen's pawn, Mason variation"]
[ECO "D00"]
[Time "21:01:30"]
[TimeControl "2700+45"]

1. d4 d5 2. Bf4 Nf6 3. e3 Bf5 4. Nf3 e6 5. c3 Nbd7 6. Nh4 Bg6 7. Qb3 Nb6 8. Nxg6
hxg6 9. Nd2 Bd6 10. Be2 c6 11. a4 Bxf4 12. exf4 Qc7 13. g3 Nc8 14. Nf3 Ne4 15.
Ne5 Ne7 16. Qc2 a5 17. Bd3 Nd6 18. O-O Ndf5 19. Rfe1 c5 20. Bb5+ Nc6 21. dxc5
O-O 22. Rad1 Rad8 23. Qe2 Nce7 24. b4 d4 25. g4 Nh6 26. cxd4 Nd5 27. Qd2 axb4
28. Rb1 Qa5 29. c6 Qb6 30. cxb7 Qxb7 31. Bc6 Qa7 32. Bxd5 Rxd5 33. Rxb4 Rfd8 34.
Nc6 Qc7 35. Nxd8 Rxd8 36. Rc1 Qe7 37. h3 f6 38. Rbc4 e5 39. Rc7 Qa3 40. R1c4
Qxh3 41. Rc3 Qxg4+ 42. Rg3 Qh5 43. Qa2+ Kh7 44. Qc2 Rxd4 45. fxe5 Rd1+ 46. Qxd1
Qxd1+ 47. Kg2 Qd5+ 48. Kg1 Qxe5 49. Rcc3 g5 50. Ra3 Nf5 51. Rh3+ Nh4 52. Kf1 Qd5
53. Ke1 Kg6 54. a5 Ng2+ 55. Kf1 Nf4 56. Rae3 Qg2+ 57. Ke1 Nxh3 58. a6 Qxf2+ 59.
Kd1 Qxe3 {White resigns} 0-1

[Event "Team 45 45 League T84"]
[Site "Internet Chess Club"]
[Date "2020.04.18"]
[Round "3"]
[White "g8wrb"]
[Black "pagliaci"]
[Result "0-1"]
[WhiteElo "1287"]
[BlackElo "1256"]
[Opening "Nimzovich-Larsen attack: modern variation"]
[ECO "A01"]
[Time "10:01:20"]
[TimeControl "2700+45"]

1. b3 e5 2. Bb2 Nc6 3. e3 d5 4. Bb5 Bd6 5. Nf3 Qe7 6. O-O Nf6 7. h3 O-O 8. Nc3
a6 9. Bxc6 bxc6 10. d3 Re8 11. Qd2 Ba3 12. Na4 Bxb2 13. Nxb2 Bf5 14. Rfe1 Rad8
15. Qc3 Qd6 16. Rad1 e4 17. Nd4 Bxh3 18. gxh3 Re5 19. f4 Rh5 20. Kg2 c5 21. Ne2
Rh6 22. dxe4 Nxe4 23. Qe5 Qg6+ 24. Kh2 Qg4 25. Ng1 Qg3+ 26. Kh1 Nf2# {White
checkmated} 0-1

[Event "Team 45 45 League T84"]
[Site "Internet Chess Club"]
[Date "2020.04.15"]
[Round "3"]
[White "Gojira"]
[Black "wankan"]
[Result "0-1"]
[WhiteElo "1587"]
[BlackElo "1387"]
[Opening "Queen's pawn: Chigorin variation"]
[ECO "D00"]
[Time "20:01:04"]
[TimeControl "2700+45"]

1. d4 d5 2. Nc3 Nf6 3. Bf4 e6 4. e3 c5 5. Nb5 Na6 6. c3 Bd7 7. Nd6+ Bxd6 8. Bxd6
Qb6 9. Bxa6 Qxd6 10. Bd3 Qb6 11. b3 cxd4 12. exd4 Rc8 13. Ne2 Bb5 14. O-O Bxd3
15. Qxd3 O-O 16. Rfc1 Rfe8 17. Rc2 Qd6 18. Rac1 Ne4 19. c4 Qd7 20. Nf4 Rc6 21.
f3 Nf6 22. c5 Qc7 23. g3 Rc8 24. b4 Qe7 25. Re2 b6 26. b5 R6c7 27. c6 Ne8 28.
Nxd5 Qg5 29. Ne3 Rd8 30. f4 Qh5 31. Nc4 Rxd4 32. Qxd4 Qxe2 33. Qd7 Kf8 34. Qd4
Qxa2 35. Nd6 Qa3 36. Nxe8 Qxc1+ 37. Kg2 Kxe8 38. Qxg7 Qc2+ 39. Kh3 Qf5+ 40. Kg2
Qxb5 {White resigns} 0-1

[Event "Team 45 45 League T84"]
[Site "Internet Chess Club"]
[Date "2020.04.17"]
[Round "3"]
[White "Just-Jim"]
[Black "rkjulianjr"]
[Result "1/2-1/2"]
[WhiteElo "1200"]
[BlackElo "1310"]
[Opening "Queen's pawn: Chigorin variation"]
[ECO "D00"]
[Time "10:05:23"]
[TimeControl "2700+45"]

1. Nc3 d5 2. d4 Nf6 3. h3 c6 4. Nf3 Bf5 5. e3 e6 6. a3 Be7 7. Be2 Nbd7 8. O-O
O-O 9. Nh2 Qc7 10. Ng4 Bxg4 11. Bxg4 Nxg4 12. Qxg4 Nf6 13. Qe2 Rfe8 14. e4 dxe4
15. Nxe4 Rad8 16. Nxf6+ Bxf6 17. c3 c5 18. Qf3 cxd4 19. cxd4 Rd5 20. Be3 Red8
21. Bf4 Qd7 22. Be3 Bxd4 23. Rad1 Bxe3 24. Rxd5 Qxd5 25. Qxd5 Rxd5 26. fxe3 Kf8
27. Rc1 Ke7 28. Rc7+ Rd7 29. Rc3 Rd1+ 30. Kh2 Rd2 31. b4 Kd7 32. Kg3 f5 33. b5
b6 34. Kf3 g5 35. g4 Rd5 36. a4 fxg4+ 37. hxg4 Rc5 38. Rxc5 bxc5 39. a5 c4 40.
Ke4 c3 41. Kd3 Kd6 42. b6 a6 43. Kxc3 h5 44. gxh5 g4 45. h6 g3 46. h7 g2 47.
h8=Q g1=Q 48. Qd4+ Ke7 49. Qc5+ Kf6 50. Qd4+ Ke7 51. Qh4+ Kd7 52. Qh7+ Kd6 53.
b7 Qxe3+ 54. Kc2 Qc5+ 55. Kd3 Qb5+ 56. Ke3 Qc5+ 57. Kf3 Qd5+ 58. Ke3 Qb3+ 59.
Qd3+ Qxd3+ 60. Kxd3 Kc7 61. b8=Q+ Kxb8 62. Kd4 Kc7 63. Kc5 e5 64. Kd5 e4 65.
Kxe4 Kc6 66. Kd4 Kb5 67. Kc3 Kxa5 68. Kb3 Kb5 69. Kb2 Kb4 70. Ka2 a5 71. Kb2 a4
72. Ka2 a3 73. Ka1 Kb3 74. Kb1 Kc3 75. Ka2 Kb4 76. Ka1 Kb3 77. Kb1 a2+ 78. Ka1
Ka3 {White stalemated} 1/2-1/2

[Event "Team 45 45 League T84"]
[Site "Internet Chess Club"]
[Date "2020.04.19"]
[Round "3"]
[White "CMAlge"]
[Black "oldmanpatzer"]
[Result "1-0"]
[WhiteElo "1235"]
[BlackElo "1184"]
[Opening "French: advance variation"]
[ECO "C02"]
[Time "18:00:24"]
[TimeControl "2700+45"]

1. e4 e6 2. d4 d5 3. e5 c5 4. c3 cxd4 5. cxd4 Bb4+ 6. Bd2 Bxd2+ 7. Nxd2 Qb6 8.
Nb3 Bd7 9. Nf3 Ne7 10. Bd3 Nbc6 11. O-O O-O 12. Bxh7+ Kxh7 13. Ng5+ Kg8 14. Qh5
{Black resigns} 1-0

[Event "Team 45 45 League T84"]
[Site "Internet Chess Club"]
[Date "2020.04.18"]
[Round "3"]
[White "ascoli"]
[Black "mongmong"]
[Result "1-0"]
[WhiteElo "1559"]
[BlackElo "1498"]
[Opening "Nimzo-Indian: Kmoch variation"]
[ECO "E20"]
[Time "13:01:50"]
[TimeControl "2700+45"]

1. d4 e6 2. c4 Nf6 3. Nc3 Bb4 4. f3 d5 5. a3 Bxc3+ 6. bxc3 c6 7. e3 b6 8. Bd3
Ba6 9. cxd5 Bxd3 10. Qxd3 cxd5 11. Ne2 O-O 12. O-O Nc6 13. Ng3 Na5 14. e4 dxe4
15. fxe4 Qc8 16. Rxf6 gxf6 17. Nh5 Kh8 18. Nxf6 Rg8 19. Qh3 Rg7 20. Bh6 Qd8 21.
Bxg7+ Kxg7 22. e5 Qh8 23. Rf1 Kf8 24. Nxh7+ Ke8 25. Nf6+ Ke7 26. Qxh8 Rxh8 27.
Rf3 Nc4 28. a4 a6 29. Rf2 Rc8 30. Ng4 Na5 31. Nh6 Rf8 32. g4 Nc4 33. g5 Ne3 34.
h4 Nd1 35. Rf3 Nb2 36. Kg2 Nxa4 37. Kg3 b5 38. Kg4 Nb6 39. h5 a5 40. Rf2 Nd5 41.
Rf3 a4 42. Kh4 Nb6 43. Ng4 Nc4 44. Nf6 a3 45. h6 Rd8 46. h7 Na5 47. Ng8+ {Black
resigns} 1-0

[Event "Team 45 45 League T84"]
[Site "Internet Chess Club"]
[Date "2020.04.17"]
[Round "3"]
[White "Pawnchain"]
[Black "Visin"]
[Result "1/2-1/2"]
[WhiteElo "1424"]
[BlackElo "1158"]
[Opening "Queen's pawn, Mason variation"]
[ECO "D00"]
[Time "09:01:01"]
[TimeControl "2700+45"]

1. d4 d5 2. Bf4 Nf6 3. e3 e6 4. c3 Be7 5. Bd3 Bd7 6. Nf3 Nc6 7. Nbd2 h6 8. Ne5
g5 9. Bg3 Nh7 10. Qh5 Nxe5 11. dxe5 c5 12. h4 Qb6 13. O-O-O c4 14. Bxh7 Rxh7 15.
hxg5 O-O-O 16. gxh6 Rdh8 17. Qe2 Rxh6 18. Rxh6 Rxh6 19. Nf3 Qd8 20. Qd2 Qh8 21.
Qd4 b6 22. b3 cxb3 23. axb3 Rh1 24. Rxh1 Qxh1+ 25. Qd1 Qxg2 26. b4 {Game drawn
by mutual agreement} 1/2-1/2

[Event "Team 45 45 League T84"]
[Site "Internet Chess Club"]
[Date "2020.04.17"]
[Round "3"]
[White "seattleblues"]
[Black "dabodhi"]
[Result "0-1"]
[WhiteElo "1245"]
[BlackElo "1343"]
[Opening "King's Indian, 3.Nf3"]
[ECO "E61"]
[Time "21:05:15"]
[TimeControl "2700+45"]

1. d4 Nf6 2. Nf3 g6 3. c4 Bg7 4. Nc3 c5 5. Bf4 cxd4 6. Nxd4 d6 7. Bg3 Qb6 8. Rb1
Nc6 9. e3 Nxd4 10. exd4 Bf5 11. Bd3 Bxd3 12. Qxd3 Nh5 13. O-O Nxg3 14. Nd5 Qxd4
15. Qxd4 Ne2+ 16. Kh1 Nxd4 17. Nc7+ Kd7 18. Nxa8 Rxa8 19. Rfd1 Rc8 20. b3 Ne2
21. Rbc1 Nc3 22. Rc2 Nxd1 {White resigns} 0-1

[Event "Team 45 45 League T84"]
[Site "Internet Chess Club"]
[Date "2020.04.19"]
[Round "3"]
[White "kc4tac"]
[Black "SeniorCitizen"]
[Result "0-1"]
[WhiteElo "1180"]
[BlackElo "1325"]
[Opening "English: Carls' Bremen system"]
[ECO "A22"]
[Time "12:00:37"]
[TimeControl "2700+45"]

1. c4 Nf6 2. g3 e5 3. Nc3 Bc5 4. f3 O-O 5. Bg2 Re8 6. Ne4 Nxe4 7. fxe4 Nc6 8.
Nf3 d6 9. e3 Re6 10. d4 exd4 11. Nxd4 Rf6 12. Nxc6 bxc6 13. Bd2 Bb7 14. Qe2 a5
15. Bc3 Bb4 16. Bxb4 axb4 17. b3 Qe7 18. O-O-O Qe5 19. Qb2 Qxb2+ 20. Kxb2 Rf2+
{White resigns} 0-1